 Dungeon Crawl Stone Soup version 0.24-a0-235-g3f03afc (webtiles) character file.

Game seed: 9996537402994296592

144375 Ijustatesigmund the Severer (level 17, -1/121 HPs)
             Began as an Octopode Fighter on Apr 5, 2019.
             Was a High Priest of Cheibriados.
             Slain by Mara (illusionary)
             ... wielding a +1 demon trident of draining
              (38 damage)
             ... on level 3 of the Shoals on Apr 8, 2019.
             The game lasted 01:46:48 (31329 turns).

Ijustatesigmund the Severer (Octopode Fighter)     Turns: 31329, Time: 01:46:48

Health: -1/121     AC:  3    Str: 35    XL:     17   Next: 39%
Magic:  0/27       EV: 37    Int: 27    God:    Cheibriados [*****.]
Gold:   1007       SH: 23    Dex: 30    Spells: 19/24 levels left

rFire    + . .     SeeInvis +   w - +3 war axe (freeze)
rCold    + . .     Gourm    .   b - +4 shield
rNeg     + . .     Faith    .   N - +2 hat of the Bear Spirit {Spirit, +Rage rN+ MR++}
rPois    +         Spirit   +   p - +4 amulet of reflection
rElec    .         Reflect  +   f - +5 ring of evasion
rCorr    .         Harm     .   g - +3 ring of slaying
MR       +++..     Clarity  +   Z - +5 ring of evasion
Stlth    +++++++...             o - ring of protection from cold
HPRegen  0.30/turn              u - +3 ring of evasion
MPRegen  0.20/turn              z - ring of protection from fire
                                C - +2 ring of evasion
                                U - ring "Juwisear" {+Blink Int+3 SInv}

@: mighty, about to teleport, lightly drained, very slow
A: almost no armour, stealthy swim, amphibious, 8 rings, constrict 8, camouflage
1, clarity, poison resistance, weak 1, gelatinous body 1, MP-powered wands
a: Bend Time, Temporal Distortion, Slouch, Step From Time, Renounce Religion,
Evoke Blink, Evoke Berserk Rage


You were on level 3 of the Shoals.
You worshipped Cheibriados.
Cheibriados was extremely pleased with you.
You were not hungry.

You visited 5 branches of the dungeon, and saw 27 of its levels.
You also visited: Gauntlet and Ice Cave.

You collected 2528 gold pieces.
You spent 1521 gold pieces at shops.

Inventory:

Hand Weapons
 a - a +0 broad axe
 r - a +2 flail
 w - a +3 war axe of freezing (weapon)
 J - the +0 war axe "Boom" {holy, *Rage rF+ rN+ Stlth+}
   (You found it on level 12 of the Dungeon)

   It has been blessed by the Shining One to cause great damage to the undead
   and demons.
   It protects you from fire.
   It protects you from negative energy.
   It may make you go berserk in combat.
   It makes you more stealthy.
 W - a +1 vampiric hand axe
Missiles
 B - 14 javelins (quivered)
Armour
 b - a +4 shield (worn)
 E - the +0 buckler of the Guild-Master {rElec rPois MR+ rCorr}
   (You acquired it on level 10 of the Dungeon)

   It insulates you from electricity.
   It protects you from poison.
   It affects your resistance to hostile enchantments.
   It provides partial protection from all sources of acid and corrosion.
 N - the +2 hat of the Bear Spirit (worn) {Spirit, +Rage rN+ MR++}
   (You bought it in a shop on level 2 of the Orcish Mines)

   It protects you from negative energy.
   It affects your resistance to hostile enchantments.
   It lets you go berserk.
Jewellery
 c - an uncursed ring of poison resistance
 f - a +5 ring of evasion (left tentacle)
 g - a +3 ring of slaying (right tentacle)
 m - an uncursed ring of protection from fire
 o - a ring of protection from cold (on tentacle)
 p - a +4 amulet of reflection (around mantle)
 u - a +3 ring of evasion (on tentacle)
 z - a ring of protection from fire (on tentacle)
 C - a +2 ring of evasion (on tentacle)
 L - an uncursed ring of protection from cold
 M - an uncursed ring of magical power
 T - an uncursed ring of positive energy
 U - the ring "Juwisear" (on tentacle) {+Blink Int+3 SInv}
   (You acquired it on level 2 of the Orcish Mines)

   [ring of see invisible]

   It affects your intelligence (+3).
   It lets you see invisible.
   It lets you blink.
 V - an uncursed amulet of the acrobat
 X - a cursed ring of stealth
 Z - a +5 ring of evasion (on tentacle)
Wands
 s - a wand of digging (4)
 y - a wand of iceblast (14)
 I - a wand of disintegration (1)
 K - a wand of acid (4)
 S - a wand of polymorph (4)
Scrolls
 j - 16 scrolls of identify
 k - 3 scrolls of teleportation
 l - 12 scrolls of remove curse
 t - 6 scrolls of amnesia
 A - a scroll of fog
 D - 3 scrolls of enchant weapon
 O - 2 scrolls of summoning
 P - a scroll of silence
 R - a scroll of magic mapping
Potions
 e - a potion of magic
 h - a potion of ambrosia
 i - 12 potions of curing
 v - 8 potions of brilliance
 x - 3 potions of cancellation
 Q - a potion of invisibility
 Y - 2 potions of flight
Miscellaneous
 F - a lamp of fire
 H - a phial of floods
Comestibles
 d - 43 rations


   Skills:
 - Level 12.9(12.4) Fighting
 + Level 15.5(15.4) Axes
 - Level 6.3(11.5) Maces & Flails
 - Level 9.5(9.1) Dodging
 - Level 12.0(11.5) Stealth
 - Level 10.5(10.0) Shields
 - Level 4.3(3.9) Spellcasting
 - Level 3.3(2.9) Summonings
 - Level 5.4(5.0) Translocations
 - Level 14.5(13.9) Invocations
 - Level 4.3(3.9) Evocations


You had 19 spell levels left.
You knew the following spells:

 Your Spells              Type           Power        Failure   Level  Hunger
a - Apportation           Tloc           ####..       1%          1    None
b - Summon Butterflies    Summ           ###.....     4%          1    None
c - Lesser Beckoning      Tloc           ####......   6%          3    ##.....

Your spell library contained the following spells:

 Spells                   Type           Power        Failure   Level  Hunger
 Animate Skeleton         Necr           N/A          16%         1    None
 Corona                   Hex            #......      16%         1    None
 Pain                     Necr           #...         16%         1    None
 Shock                    Conj/Air       #...         16%         1    None
 Sting                    Conj/Pois      #...         16%         1    None
 Portal Projectile        Hex/Tloc       ###...       17%         3    ##.....
 Ensorcelled Hibernation  Hex/Ice        #.....       24%         2    None
 Poisonous Vapours        Pois/Air       #.....       24%         2    None
 Slow                     Hex            #.......     24%         2    None
 Confuse                  Hex            #.......     43%         3    ##.....
 Dazzling Spray           Conj/Hex       #.....       43%         3    ##.....
 Inner Flame              Hex/Fire       #.......     43%         3    ##.....
 Mephitic Cloud           Conj/Pois/Air  #.......     43%         3    ##.....
 Regeneration             Chrm/Necr      #.........   43%         3    ##.....
 Tukima's Dance           Hex            #.......     43%         3    ##.....
 Vampiric Draining        Necr           #.........   43%         3    ##.....
 Animate Dead             Necr           N/A          83%         4    ####...
 Cause Fear               Hex            #.........   83%         4    ####...
 Leda's Liquefaction      Hex/Erth       #.........   83%         4    ####...
 Olgreb's Toxic Radiance  Pois           #.......     83%         4    ####...
 Throw Icicle             Conj/Ice       #.......     83%         4    ####...
 Alistair's Intoxication  Tmut/Pois      #.......     99%         5    #####..
 Irradiate                Conj/Tmut      #.........   99%         5    #####..
 Lightning Bolt           Conj/Air       #.........   99%         5    #####..
 Venom Bolt               Conj/Pois      #.........   99%         5    #####..
 Hydra Form               Tmut           #.........   100%        6    #######
 Invisibility             Hex            #.......     100%        6    #######
 Statue Form              Tmut/Erth      #........    100%        6    #######
 Dragon Form              Tmut           #.........   100%        7    #######


Dungeon Overview and Level Annotations

Branches:
Dungeon (15/15)            Temple (1/1) D:4            Lair (6/6) D:11
 Shoals (3/4) Lair:4        Snake (0/4) Lair:4        Slime (0/5) Lair:5
    Orc (2/2) D:10            Elf (0/3) Orc:2        Vaults (0/5) D:13
 Depths (0/5) D:15

Altars:
Ashenzari
Cheibriados
Elyvilon
Fedhas
Gozag
Hepliaklqana
Kikubaaqudgha
Okawaru
Qazlal
Ru
Sif Muna
Trog
Uskayaw
Vehumet
Wu Jian
Yredelemnul
Zin
The Shining One
Beogh
Jiyva

Shops:
D:4 [   D:5 (   D:11 }}[   Orc:2 ?}[

Annotations:
D:14 2 transporters
Shoals:3 Mara


Innate Abilities, Weirdness & Mutations

You cannot wear most types of armour.
You are very stealthy in the water. (Stealth+)
You are amphibious.
You can wear up to eight rings at the same time.
You can use your tentacles to constrict eight enemies at once.
Your skin changes colour to match your surroundings (Stealth+).
Your rubbery body absorbs attacks. (AC +1, EV +1)
You possess an exceptional clarity of mind.
Your system is resistant to poisons. (rPois)
You are weak. (Str -2)
You expend magic power (3 MP) to strengthen your wands.


Message History

You don't have enough magic at the moment.
Okay, then.
Okay, then.
You feel much better. Ijustatesigmund's illusion hits you!!
* * * LOW HITPOINT WARNING * * *
Ijustatesigmund's illusion freezes you.
* * * LOW HITPOINT WARNING * * *
You block Mara's attack.
Mara blinks!
As you read the scroll of teleportation, it crumbles to dust.
You feel strangely unstable.
You block Ijustatesigmund's illusion's attack.
Something completely misses the plant.
Something claws the plant.
Something claws the plant but does no damage.
Mara splashes around in the water.
You block Mara's attack.
You feel better.
Ijustatesigmund's illusion hits you but does no damage.
A water elemental comes into view.
Mara says, "I mislead the hearts of men!"
Mara hits you with a +1 demon trident of draining!!!
You die...

≈≈≈≈≈≈≈..≈≈P≈≈≈≈
≈≈≈....##.≈≈≈≈PP≈≈≈E
≈≈≈....##...≈≈≈≈≈≈≈≈
≈≈≈≈≈......≈P≈≈≈≈≈≈≈
≈≈≈≈≈≈....PP≈≈≈≈≈...
≈≈≈≈.....≈≈PP≈≈≈≈P. ≈≈≈
≈≈≈...≈≈≈≈≈≈≈≈≈≈.# .≈≈≈
†..(#....≈≈≈P≈≈R.##...≈≈
<..###...≈≈≈≈≈≈≈@....≈≈≈
#### ##..≈≈≈P≈P@≈.....≈≈
########.≈≈≈≈≈R≈≈.....≈≈
.##......≈≈≈≈≈≈≈≈..≈≈≈≈≈
..[...)..≈≈..#..≈≈≈≈≈≈≈≈
............##..≈≈≈≈≈≈≈≈
..≈≈≈..###...##..≈≈≈≈≈≈≈
≈≈≈≈≈≈.##....##.≈≈≈≈≈≈≈≈
≈≈≈≈≈≈..........≈≈≈≈≈≈≈


You could see 2 Maras, a water elemental (wandering) and Ijustatesigmund's
illusion.

Vanquished Creatures
  Polyphemus (Shoals:2)
  Frances (Shoals:2)
  A kraken (Shoals:1)
  Kirke (Shoals:1)
  Ilsuiw (Shoals:2)
  An orc warlord (D:10)
  Louise (Shoals:3)
  A reaper (IceCv)
  2 stone giants
  Nessos (Orc:2)
  A minotaur (Gauntlet)
  A merfolk javelineer (Shoals:2)
  6 dire elephants
  2 merfolk impalers (Shoals:3)
  A death ooze (Gauntlet)
  9 hydras
  Harold (D:7)
  The ghost of Ideim the Carver, a journeyman DsGl of Hepliaklqana (Orc:1)
  A death knight (D:14)
  A catoblepas (Shoals:2)
  3 merfolk avatars
  A satyr (Shoals:2)
  An anaconda (Lair:6)
  9 two-headed ogres
  A merfolk aquamancer (Shoals:1)
  3 centaur warriors
  2 ogre magi (Orc:2)
  2 tengu warriors
  9 death yaks
  3 skeletal warriors (D:14)
  An iron troll (Orc:2)
  A fire crab (Shoals:2)
  An unseen horror (D:15)
  A deep troll (Orc:1)
  7 sea snakes
  12 wizards
  3 harpies (Shoals:2)
  Pikel (D:7)
  An orc knight (D:14)
  An orc sorcerer (Orc:1)
  6 ugly things (D:15)
  10 manticores
  A wolf spider (D:15)
  A deep elf mage (D:14)
  3 cyclopes
  11 fauns
  4 black mambas
  Joseph (Lair:1)
  2 ice statues (IceCv)
  2 centaur zombies
  8 merfolk sirens
  10 elephants (Lair:6)
  4 water nymphs
  3 gargoyles
  9 spiny frogs
  A rime drake (Lair:2)
  A kobold demonologist (D:14)
  A freezing wraith (D:15)
  An efreet (Gauntlet)
  5 tengu conjurers
  5 komodo dragons
  9 ice devils (IceCv)
  3 wind drakes (Shoals:2)
  17 trolls
  3 meliai (D:13)
  A polar bear (shapeshifter) (D:13)
  2 hornets
  21 merfolk
  10 slime creatures (D:15)
  7 dream sheep
  11 hippogriffs
  6 snapping turtles
  20 blink frogs
  2 shadows
  8 water elementals
  A wyvern (Lair:3)
  28 yaks
  3 fire bats (Shoals:2)
  4 basilisks
  3 fire elementals (Gauntlet)
  A basilisk (shapeshifter) (D:14)
  2 hungry ghosts
  3 hogs (Shoals:1)
  5 vampire mosquitoes
  A naga (Lair:4)
  4 wargs
  3 acid dragons
  2 soldier ants
  8 water moccasins
  A water moccasin (shapeshifter) (D:13)
  Duvessa (D:7)
  3 hell hounds (Gauntlet)
  7 porcupines
  19 orc warriors
  2 hornet zombies
  5 ice beasts
  2 black bears
  3 sky beasts
  14 wolves
  2 phantoms
  26 ogres
  5 boggarts (D:15)
  14 centaurs
  A big kobold (D:11)
  9 crocodiles
  A wyvern zombie (D:14)
  16 bullfrogs
  Dowan (D:7)
  3 wyvern skeletons
  9 killer bees
  5 scorpions
  11 wights
  A howler monkey (D:5)
  4 electric eels
  7 crimson imps
  10 jellies
  2 quasits
  22 orc priests
  10 hounds
  Crazy Yiuf (D:2)
  3 bullfrog skeletons
  3 centaur skeletons
  27 orc wizards
  2 iguanas
  9 worker ants
  A killer bee zombie (D:6)
  6 gnolls
  2 howler monkey skeletons
  18 adders
  3 shadow imps
  21 white imps
  7 ufetubi (IceCv)
  An ooze (D:3)
  3 adder skeletons
  5 worms
  6 dart slugs
  7 leopard geckos
  84 orcs
  2 ball pythons
  3 giant cockroaches
  10 goblins
  5 hobgoblins
  12 jackals
  7 quokkas
  10 bats
  6 frilled lizards
  9 kobolds
  A leopard gecko zombie (D:5)
  2 quokka skeletons
  A quokka zombie (D:6)
  8 rats
  5 fungi
  8 plants
  4 tentacles (Shoals:1)
893 creatures vanquished.

Vanquished Creatures (collateral kills)
  A plant (Shoals:3)
1 creature vanquished.

Vanquished Creatures (others)
  2 ufetubi (IceCv)
  6 fungi
  44 plants
  3 tentacles (Shoals:1)
55 creatures vanquished.

Grand Total: 949 creatures vanquished

Notes
Turn   | Place    | Note
-------+----------+-------------------------------------------
     0 | D:1      | Ijustatesigmund the Octopode Fighter began the quest for
                  | the Orb.
     0 | D:1      | Reached XP level 1. HP: 16/16 MP: 1/1
   379 | D:1      | Reached XP level 2. HP: 21/21 MP: 2/2
  1138 | D:2      | Reached XP level 3. HP: 26/26 MP: 3/3
  1332 | D:2      | Reached skill level 3 in Axes
  1332 | D:2      | Reached XP level 4. HP: 31/31 MP: 4/4
  1389 | D:2      | Found an ornate altar of the Wu Jian Council.
  1872 | D:2      | Found a runed translucent door.
  1873 | D:2      | Noticed Crazy Yiuf
  1888 | D:2      | Found a white marble altar of Elyvilon.
  1969 | D:2      | Reached XP level 5. HP: 37/37 MP: 5/5
  2185 | D:2      | Killed Crazy Yiuf
  2496 | D:3      | Reached skill level 4 in Axes
  3130 | D:4      | Reached XP level 6. HP: 34/43 MP: 6/6
  3296 | D:4      | Found a white marble altar of Elyvilon.
  3514 | D:4      | Reached skill level 5 in Axes
  3562 | D:4      | Found Lida's Antique Armour Emporium.
  3646 | D:4      | Reached XP level 7. HP: 49/49 MP: 7/7
  3678 | D:4      | Found a staircase to the Ecumenical Temple.
  3687 | Temple   | Entered the Ecumenical Temple
  3798 | Temple   | Became a worshipper of Cheibriados the Contemplative
  4155 | D:5      | Entered Level 5 of the Dungeon
  4257 | D:5      | Found Qugy's Antique Weapon Boutique.
  4395 | D:5      | Reached * piety under Cheibriados
  4395 | D:5      | Reached skill level 1 in Invocations
  4521 | D:6      | Reached skill level 5 in Fighting
  4603 | D:6      | Reached skill level 6 in Axes
  4923 | D:7      | Noticed Duvessa
  4923 | D:7      | Noticed Dowan
  4929 | D:7      | Killed Duvessa
  4929 | D:7      | Reached XP level 8. HP: 45/55 MP: 9/9
  4931 | D:7      | Killed Dowan
  5064 | D:6      | Found a shattered altar of Ashenzari.
  5100 | D:6      | You fall through a shaft for 3 floors!
  5101 | D:9      | Noticed a hippogriff
  5105 | D:9      | Killed a hippogriff
  5105 | D:9      | Reached skill level 5 in Dodging
  5144 | D:9      | Noticed a troll
  5152 | D:9      | Killed a troll
  5174 | D:9      | Reached skill level 5 in Shields
  5174 | D:9      | Reached XP level 9. HP: 39/62 MP: 11/11
  5324 | D:8      | Reached ** piety under Cheibriados
  5630 | D:7      | Reached skill level 7 in Axes
  5630 | D:7      | Reached skill level 5 in Stealth
  5928 | D:7      | Found a stormy altar of Qazlal.
  5984 | D:7      | Reached *** piety under Cheibriados
  6006 | D:7      | Reached skill level 5 in Invocations
  6231 | D:6      | Reached XP level 10. HP: 57/69 MP: 13/13
  6274 | D:6      | Reached **** piety under Cheibriados
  6566 | D:7      | Noticed Pikel
  6568 | D:7      | Killed Pikel
  6721 | D:7      | Reached skill level 8 in Axes
  6922 | D:7      | Noticed Harold
  6932 | D:7      | Killed Harold
  7453 | D:9      | Reached ***** piety under Cheibriados
  7808 | D:9      | Found a bloodstained altar of Trog.
  7808 | D:9      | Found a deep blue altar of Sif Muna.
  7809 | D:9      | Found a radiant altar of Vehumet.
  7930 | D:10     | Entered Level 10 of the Dungeon
  8439 | D:10     | Reached XP level 11. HP: 76/76 MP: 15/15
  8534 | D:10     | Found a roughly hewn altar of Beogh.
  8534 | D:10     | Found a staircase to the Orcish Mines.
  8712 | D:10     | Reached skill level 10 in Stealth
  8986 | D:10     | Identified a scroll of acquirement
  8989 | D:10     | Got a brightly glowing buckler
  9000 | D:10     | Identified the +0 buckler of the Guild-Master {rElec rPois
                  | MR+ rCorr} (You acquired it on level 10 of the Dungeon)
  9233 | D:11     | Noticed a manticore
  9388 | D:10     | Killed a manticore
  9674 | D:11     | Noticed a death yak
  9686 | D:11     | Killed a death yak
  9801 | D:11     | Noticed a death yak
  9801 | D:11     | Noticed a death yak
  9802 | D:11     | Noticed a death yak
 10075 | D:10     | Killed a death yak
 10265 | D:11     | Noticed a death yak
 10274 | D:11     | Killed a death yak
 10289 | D:10     | Killed a death yak
 10405 | D:11     | Found a staircase to the Lair.
 10417 | Lair:1   | Entered Level 1 of the Lair of Beasts
 10429 | Lair:1   | Found a gate leading to a gauntlet.
 10435 | Gauntlet | Entered a Gauntlet
 10435 | Gauntlet | Found a transporter.
 10435 | Gauntlet | Found a transporter.
 10435 | Gauntlet | Found a runed translucent gate.
 10435 | Gauntlet | Noticed a death ooze
 10436 | Gauntlet | Found a runed translucent gate.
 10439 | Gauntlet | Found a transporter.
 10439 | Gauntlet | Found a transporter.
 10441 | Gauntlet | Found a runed translucent gate.
 10451 | Gauntlet | Found a transporter.
 10454 | Gauntlet | Found a transporter.
 10458 | Gauntlet | Killed a death ooze
 10568 | Gauntlet | Noticed a large abomination
 10576 | Gauntlet | Noticed a tengu warrior
 10577 | Gauntlet | Found a transporter.
 10577 | Gauntlet | Found a transporter.
 10579 | Gauntlet | Reached ****** piety under Cheibriados
 10579 | Gauntlet | Reached skill level 9 in Axes
 10585 | Gauntlet | Killed a tengu warrior
 10585 | Gauntlet | Reached XP level 12. HP: 54/84 MP: 17/17
 10717 | Gauntlet | Found a transporter.
 10717 | Gauntlet | Found a transporter.
 10717 | Gauntlet | Noticed a reaper
 10739 | Gauntlet | Found a runed translucent door.
 10740 | Gauntlet | Found a transporter.
 10877 | Gauntlet | Found a transporter.
 10883 | Gauntlet | Identified the Grimoire of Combat Magic
 10891 | Gauntlet | Noticed a minotaur
 10904 | Gauntlet | Killed a minotaur
 10976 | D:11     | Found Cupu's Gadget Boutique.
 11082 | D:11     | Killed a death yak
 11335 | D:11     | Found Amumyg's Gadget Emporium.
 11669 | D:11     | Found Fipommufuf's Antique Armour Boutique.
 12063 | D:12     | Got a jewelled war axe
 12064 | D:12     | Identified the +0 war axe "Boom" {holy, *Rage rF+ rN+
                  | Stlth+} (You found it on level 12 of the Dungeon)
 12097 | D:12     | Reached skill level 10 in Axes
 12431 | D:12     | Noticed a four-headed hydra
 12460 | D:12     | Killed a four-headed hydra
 12856 | D:12     | Reached skill level 10 in Fighting
 12886 | D:12     | Paralysed by a wizard for 3 turns
 12890 | D:12     | Reached skill level 10 in Invocations
 12890 | D:12     | Reached XP level 13. HP: 79/93 MP: 16/20
 12899 | D:12     | Reached skill level 11 in Axes
 13314 | D:13     | Found a gate to the Vaults.
 14405 | Lair:1   | Noticed Joseph
 14416 | Lair:1   | Killed Joseph
 15050 | Lair:2   | Gained mutation: You are weak. (Str -2) [potion of
                  | mutation]
 15050 | Lair:2   | Gained mutation: Your system is resistant to poisons.
                  | (rPois) [potion of mutation]
 15050 | Lair:2   | Gained mutation: You expend magic power (3 MP) to
                  | strengthen your wands. [potion of mutation]
 15050 | Lair:2   | Gained mutation: You possess an exceptional clarity of
                  | mind. [potion of mutation]
 15615 | Lair:3   | Found a frozen archway.
 15646 | IceCv    | Entered an ice cave
 16358 | IceCv    | Noticed a reaper
 16372 | IceCv    | Killed a reaper
 16511 | IceCv    | Reached XP level 14. HP: 88/101 MP: 13/22
 17431 | Lair:3   | Reached skill level 5 in Maces & Flails
 18836 | Lair:4   | Found a staircase to the Shoals.
 19356 | Lair:4   | Found a staircase to the Snake Pit.
 19396 | Lair:4   | Identified the +4 hand crossbow "Grum" {venom, Dex+5} (You
                  | found it on level 4 of the Lair of Beasts)
 19814 | Lair:5   | Found a staircase to the Slime Pits.
 19814 | Lair:5   | Found a viscous altar of Jiyva.
 19975 | Lair:5   | Reached skill level 12 in Axes
 20471 | Lair:6   | Entered Level 6 of the Lair of Beasts
 20617 | Lair:6   | Reached skill level 1 in Evocations
 21343 | Lair:6   | Noticed a dire elephant
 21343 | Lair:6   | Noticed a dire elephant
 21348 | Lair:6   | Killed a dire elephant
 21357 | Lair:6   | Killed a dire elephant
 21387 | Lair:6   | Noticed a dire elephant
 21532 | Lair:6   | Killed a dire elephant
 21608 | Lair:6   | Reached XP level 15. HP: 104/108 MP: 22/24
 22031 | Orc:1    | Entered Level 1 of the Orcish Mines
 22031 | Orc:1    | Noticed an orc warlord
 22049 | D:10     | Killed an orc warlord
 22743 | Orc:2    | Entered Level 2 of the Orcish Mines
 22745 | Orc:2    | Found a staircase to the Elven Halls.
 22999 | Orc:1    | Found a runed translucent gate.
 22999 | Orc:1    | Found a runed translucent gate.
 23001 | Orc:1    | Found a runed translucent gate.
 23007 | Orc:1    | Noticed Ideim's ghost (journeyman DsGl)
 23030 | Orc:1    | Killed Ideim's ghost
 23049 | Orc:1    | Learned a level 1 spell: Apportation
 23097 | Orc:2    | Found Toax's Gadget Emporium.
 23098 | Orc:2    | Found Iseisuge's Magic Scroll Shop.
 23099 | Orc:2    | Found Ukodor's Book Shop.
 23099 | Orc:2    | Found Suimale's Armour Boutique.
 23531 | Orc:1    | Reached skill level 1 in Translocations
 23951 | Orc:1    | Learned a level 1 spell: Summon Butterflies
 23955 | Orc:1    | Learned a level 3 spell: Lesser Beckoning
 24001 | Orc:2    | Reached skill level 1 in Summonings
 24071 | Orc:2    | Noticed Nessos
 24216 | Orc:2    | Killed Nessos
 24666 | Orc:2    | Reached skill level 5 in Translocations
 24742 | Orc:2    | Bought the +2 hat of the Bear Spirit {Spirit, +Rage rN+
                  | MR++} for 508 gold pieces
 24742 | Orc:2    | Found the +2 hat of the Bear Spirit {Spirit, +Rage rN+
                  | MR++}
 24759 | Orc:2    | Bought a scroll of magic mapping for 45 gold pieces
 24759 | Orc:2    | Bought a scroll of teleportation for 39 gold pieces
 24759 | Orc:2    | Bought a scroll of identify for 26 gold pieces
 24759 | Orc:2    | Bought a scroll of identify for 26 gold pieces
 24759 | Orc:2    | Bought a scroll of identify for 26 gold pieces
 25072 | Orc:2    | Bought a scroll of fog for 26 gold pieces
 25072 | Orc:2    | Bought a scroll of identify for 26 gold pieces
 25072 | Orc:2    | Bought a scroll of enchant armour for 97 gold pieces
 25072 | Orc:2    | Bought a scroll of identify for 26 gold pieces
 25072 | Orc:2    | Bought a scroll of acquirement for 676 gold pieces
 25075 | Orc:2    | Got a steaming lapis lazuli ring
 25076 | Orc:2    | Identified the ring "Juwisear" {+Blink Int+3 SInv} (You
                  | acquired it on level 2 of the Orcish Mines)
 25241 | D:14     | Found a transporter.
 25262 | D:14     | Reached skill level 1 in Spellcasting
 25794 | D:14     | Found a transporter.
 26117 | D:15     | Entered Level 15 of the Dungeon
 26117 | D:15     | Found an ornate altar of the Wu Jian Council.
 26203 | D:15     | Reached XP level 16. HP: 116/116 MP: 16/26
 26689 | D:15     | Reached skill level 10 in Shields
 27343 | D:15     | Found a staircase to the Depths.
 27525 | Shoals:1 | Entered Level 1 of the Shoals
 27655 | Shoals:1 | Noticed a kraken
 27657 | Shoals:1 | Reached skill level 13 in Axes
 27669 | Shoals:1 | Killed a kraken
 27677 | Shoals:1 | Noticed Kirke
 27678 | Shoals:1 | Noticed a sphinx
 27687 | Shoals:1 | Killed Kirke
 28650 | Shoals:2 | Noticed Ilsuiw
 29185 | Shoals:2 | Noticed Frances
 29439 | Shoals:2 | Killed Ilsuiw
 29706 | Shoals:2 | Killed Frances
 29727 | Shoals:3 | Noticed Mara
 30035 | Shoals:2 | Reached skill level 14 in Axes
 30046 | Shoals:2 | Reached XP level 17. HP: 121/121 MP: 27/27
 30059 | Shoals:2 | Noticed Polyphemus
 30708 | Shoals:2 | Killed Polyphemus
 30839 | Shoals:3 | Reached skill level 15 in Axes
 31009 | Shoals:3 | Noticed Louise
 31023 | Shoals:3 | Killed Louise
 31308 | Shoals:3 | Noticed Ijustatesigmund's illusion
 31329 | Shoals:3 | Slain by Mara (illusionary)

Levels and vault maps discovered:
D:1:      lightli_arrival_flooded_house, layout_loops_corners, serial_forest,
          infiniplex_forest_end_3, infiniplex_forest_clump_tiny,
          infiniplex_forest_lined_3, infiniplex_forest_straight_5,
          infiniplex_forest_straight_2, infiniplex_forest_clump_diagonal,
          infiniplex_forest_end_2
D:2:      layout_loops_ring, lemuel_doored_altar, lemuel_round_altar,
          corexii_corridor_pit, uniq_crazy_yiuf_cottage
D:3:      layout_loops_corners, minmay_unequal
D:4:      layout_basic, minmay_temple_entry_sparse_star, serial_shops, shop,
          first_ration, elyvilon_altar_4
D:5:      layout_rooms, serial_shops, shop
D:6:      wad_guarded_room, layout_rooms, old_standard_altar
D:7:      layout_basic, grunt_ogre_cave, minivault_14, minmay_ruined_shrine,
          uniq_duvessa, uniq_harold, uniq_pikel
D:8:      layout_rooms
D:9:      layout_irregular_city, gammafunk_temple_overflow_claw,
          nrook_mini_vaults
D:10:     layout_basic, david_orc_5, lightli_fourway_metalbox
D:11:     layout_stronghold, dpeg_lair_monsters, serial_shops,
          nicolae_shop_behind_doors, kennysheep_mini_moat,
          nicolae_shop_waterfront
D:12:     minmay_wizard_corner, layout_irregular_city, moated_statue
D:13:     layout_irregular_city, david_vaults_4
D:14:     layout_loops_ring, gammafunk_ghost_stat_death, grunt_decor_cap,
          minivault_19
D:15:     hangedman_depths_entry_try_elsewhere_first, layout_cross,
          minmay_misc_feat_room, basic_altar, minmay_variable_closet,
          grunt_ministairs_14
Temple:   regret_index_temple_sphere_string
Lair:1:   layout_long_grid, gauntlet_entry_generic, uniq_joseph
Lair:2:   layout_roguey
Lair:3:   layout_cave_pods, portal_ice_cave_entry_imps,
          cheibrodos_lair_reptile_den, infiniplex_staircase_pool_2,
          serial_bayou_shore_b
Lair:4:   layout_loops_ring, shoals_dummy_entry, guppyfry_snake_entry_island,
          st_stairs_3
Lair:5:   layout_misc_corridors, slime_altar_1
Lair:6:   due_jungle_book, layout_regular_city, grunt_megastairs_5,
          serial_bayou_shore_a
Shoals:1: layout_shoals, abandoned_shop, nicolae_shoals_kraken_intersection,
          uniq_kirke
Shoals:2: layout_shoals, hangedman_shoal_volcano, uniq_frances, uniq_ilsuiw,
          uniq_polyphemus
Shoals:3: layout_shoals, argonaut_gorgonesque, uniq_donald, uniq_louise,
          uniq_mara
Orc:1:    layout_caves, ebering_ghost_rock_garden
Orc:2:    st_orc_open, layout_diamond_mine, uniq_nessos
IceCv:    ice_cave_small_demon
Gauntlet: minmay_gauntlet_77_indecision [minmay_gauntlet_arena_77_broken_ladder,
          minmay_gauntlet_arena_77_run_for_it,
          minmay_gauntlet_arena_77_hold_the_fort,
          minmay_gauntlet_arena_77_chump_sandwich,
          minmay_gauntlet_arena_77_path, minmay_gauntlet_arena_77_mirror,
          gauntlet_exit_green]

Skill      XL: |  1  2  3  4  5  6  7  8  9 10 11 12 13 14 15 16 17 |
---------------+----------------------------------------------------+-----
Axes           | 3 4 5 6 7 8 9 10 11 12 14 15 | 15.5
Fighting       | 4 5 6 7 8 10 11 12 | 12.9
Dodging        | 4 5 6 7 8 9 |  9.5
Invocations    | 2 3 5 6 7 10 11 12 13 14 | 14.5
Shields        | 4 5 6 8 9 10 | 10.5
Stealth        | 4 5 8 12 | 12.0
Maces & Flails | 3 6 |  6.3
Evocations     | 2 4 |  4.3
Translocations | 5 |  5.4
Summonings     | 3 |  3.3
Spellcasting   | 2 4 |  4.3

Action                   |  1- 3 |  4- 6 |  7- 9 | 10-12 | 13-15 | 16-18 || total
-------------------------+-------+-------+-------+-------+-------+-------++-------
Melee: War axe           |    51 |   118 |    85 |   245 |   732 |   474 ||  1705
       Constrict         |    10 |    26 |    39 |    58 |   100 |    85 ||   318
       Tentacles         |     8 |    17 |    43 |   117 |   336 |   236 ||   757
       Broad axe         |       |       |    71 |    30 |       |       ||   101
       Flail             |       |       |       |    26 |    52 |     3 ||    81
Throw: Javelin           |       |       |       |    12 |    15 |    14 ||    41
 Cast: Lesser Beckoning  |       |       |       |       |     4 |    11 ||    15
       Summon Butterflie |       |       |       |       |       |     2 ||     2
Invok: Bend Time         |       |       |       |     3 |     3 |     1 ||     7
       Slouch            |       |       |       |     2 |    11 |     9 ||    22
       Step From Time    |       |       |       |       |       |     1 ||     1
Evoke: Wand              |       |       |       |    17 |    46 |     6 ||    69
       Phantom mirror    |       |       |       |       |       |     1 ||     1
  Use: Scroll            |     1 |    10 |     6 |    11 |    23 |    13 ||    64
       Potion            |       |       |     1 |     3 |     5 |     6 ||    15
 Stab: Sleeping          |     8 |    14 |     5 |    38 |    47 |     9 ||   121
       Distracted        |       |       |     1 |     3 |     7 |     6 ||    17
  Eat: Chunk             |     1 |     3 |     3 |     8 |     4 |     1 ||    20
       Ration            |       |     1 |     1 |     1 |     6 |     3 ||    12
Armor: Skin              |     3 |     3 |     1 |     4 |     9 |    13 ||    33
Dodge: Dodged            |    40 |    68 |   116 |   233 |   548 |   345 ||  1350
Block: Shield            |    24 |    53 |   104 |   176 |   619 |   471 ||  1447
       Buckler           |       |       |       |    26 |       |       ||    26
       Reflection        |       |       |       |       |       |     6 ||     6

Table legend:
 A = Non-vault XP
 B = Vault XP
 C = Vault XP percentage of total XP
 D = Non-vault monster count
 E = Vault monster count
 F = Vault count percentage of total count
                 A         B        C        D         E       F
            +---------+---------+-------+---------+---------+-------
      Total |  125780 |   80470 |  39.0 |     658 |     218 |  24.9
            +---------+---------+-------+---------+---------+-------
        D:1 |      32 |       0 |   0.0 |      15 |       0 |   0.0
        D:2 |     136 |      41 |  23.2 |      31 |       1 |   3.1
        D:3 |      72 |      11 |  13.3 |      28 |       6 |  17.6
        D:4 |     409 |       0 |   0.0 |      15 |       0 |   0.0
        D:5 |     204 |       0 |   0.0 |      16 |       0 |   0.0
        D:6 |     666 |     728 |  52.2 |      19 |      16 |  45.7
        D:7 |    1566 |    2154 |  57.9 |      37 |       8 |  17.8
        D:8 |     830 |       0 |   0.0 |      16 |       0 |   0.0
        D:9 |    1757 |       0 |   0.0 |      20 |       0 |   0.0
       D:10 |    5279 |    2449 |  31.7 |      52 |      28 |  35.0
       D:11 |    2100 |    2859 |  57.7 |      26 |       4 |  13.3
       D:12 |    3501 |    7623 |  68.5 |      26 |      11 |  29.7
       D:13 |    4567 |    1493 |  24.6 |      25 |       4 |  13.8
       D:14 |   10746 |       0 |   0.0 |      39 |       0 |   0.0
       D:15 |   14434 |    2870 |  16.6 |      50 |       5 |   9.1
     Lair:1 |    3541 |     475 |  11.8 |      14 |       1 |   6.7
     Lair:2 |    3237 |       0 |   0.0 |      20 |       0 |   0.0
     Lair:3 |    6732 |     853 |  11.2 |      20 |      14 |  41.2
     Lair:4 |    8772 |     169 |   1.9 |      32 |       1 |   3.0
     Lair:5 |    5416 |       0 |   0.0 |      19 |       0 |   0.0
     Lair:6 |    8410 |    6258 |  42.7 |      16 |      12 |  42.9
   Shoals:1 |    5365 |    4872 |  47.6 |      14 |       5 |  26.3
   Shoals:2 |   19134 |   16519 |  46.3 |      41 |      22 |  34.9
   Shoals:3 |   14366 |    1686 |  10.5 |      31 |       1 |   3.1
      Orc:1 |    3548 |    4558 |  56.2 |      23 |       6 |  20.7
      Orc:2 |     960 |   14114 |  93.6 |      13 |      33 |  71.7
      IceCv |       0 |    5587 | 100.0 |       0 |      28 | 100.0
   Gauntlet |       0 |    5151 | 100.0 |       0 |      12 | 100.0
            +---------+---------+-------+---------+---------+-------
